 Dungeon Crawl Stone Soup version 0.30-a0-772-g5528072125 (webtiles) character file.

Game seed: 4249184930839472801

67 runemasterragnar the Digger (level 4, -20/25 HPs)
             Began as a Gargoyle Earth Elementalist on Feb 12, 2023.
             Demolished by an ogre
             ... wielding a +0 giant spiked club
              (22 damage)
             ... on level 4 of the Dungeon.
             The game lasted 00:02:31 (2250 turns).

runemasterragnar the Digger (GrEE)                  Turns: 2250, Time: 00:02:32

Health: -20/25     AC: 12    Str: 12    XL:     4   Next: 18%
Magic:  4/7        EV: 10    Int: 17    God:
Gold:   201        SH:  0    Dex: 10    Spells: 6/7 levels left

rFire   . . .      SeeInvis .    d - +3 short sword
rCold   . . .      Faith    .    (no shield)
rNeg    + . .      Spirit   .    o - +3 ring mail
rPois   ∞          Reflect  .    g - +0 helmet
rElec   +          Harm     .    (no cloak)
rCorr   .          Rampage  .    (no gloves)
Will    .....                    (no boots)
Stlth   +                        (no amulet)
HPRegen 0.24/turn                (no ring)
MPRegen 0.10/turn                (no ring)

@: very slightly contaminated
A: sickness immunity, AC +3, negative energy resistance 1, electricity
resistance, torment resistance 1, petrification resistance
a: no special abilities


You were on level 4 of the Dungeon.
You visited 1 branch of the dungeon, and saw 4 of its levels.

You collected 201 gold pieces.

Inventory:

Hand Weapons
 d - a +3 short sword (weapon)
Missiles
 j - 15 stones
Armour
 a - a +0 robe
 g - a +0 helmet (worn)
 o - a +3 ring mail (worn)
Scrolls
 e - 4 scrolls of fog {unknown}
 f - 4 scrolls of identify
 h - a scroll of amnesia {unknown}
 i - a scroll of blinking {unknown}
 l - a scroll of teleportation {unknown}
 p - a scroll of enchant armour {unknown}
Potions
 b - a potion of magic
 c - a potion of resistance {unknown}
 k - a potion of mutation {unknown}
 m - a potion of degeneration {unknown}
 n - a potion of heal wounds {unknown}
 q - a potion of might {unknown}
 r - 2 potions of curing
 s - a potion of haste {unknown}


   Skills:
 + Level 1.0 Fighting
 + Level 0.5 Armour
 + Level 1.8 Dodging
 + Level 2.5 Stealth
 + Level 2.2 Spellcasting
 * Level 1.8 Transmutations
 * Level 4.4 Earth Magic


You had 6 spell levels left.
You knew the following spells:

 Your Spells              Type           Power      Damage    Failure   Level
a - Sandblast             Erth           32%        2d9       7%          1

Your spell library contained the following spells:

 Spells                   Type           Power      Damage    Failure   Level
 Passwall                 Tmut/Erth      10%        N/A       19%         2
 Stone Arrow              Conj/Erth      18%        3d8       45%         3
 Petrify                  Tmut/Erth      12%        N/A       77%         4


Dungeon Overview and Level Annotations

Branches:
Dungeon (4/15)
 Temple: D:4-7

Altars:
Makhleb


Innate Abilities, Weirdness & Mutations

You are immune to sickness and miasma.
Your stone body is resilient. (AC +3)
You are immune to poison.
You resist negative energy. (rN+)
You are resistant to electric shocks. (rElec)
You are resistant to unholy torment.
You are immune to petrification.


Message History

Aiming: Sandblast (safe; 7% risk of failure)
Press: ? - help, Shift-Dir - straight line, f - ogre
Aim: an ogre, wielding a +0 giant spiked club (moderately wounded, 91% to hit)
The blast of sand hits the ogre.
The ogre is heavily wounded.
The ogre hits you with a +0 giant spiked club!
Unknown command.
Casting: Sandblast (safe; 7% risk of failure)
Confirm with . or Enter, or press ? or * to list all spells.
Aiming: Sandblast (safe; 7% risk of failure)
Press: ? - help, Shift-Dir - straight line, f/p - ogre
Aim: an ogre, wielding a +0 giant spiked club (heavily wounded, 91% to hit)
The blast of sand hits the ogre.
The ogre is severely wounded.
The ogre hits you with a +0 giant spiked club!
Ouch! That really hurt!
* * * LOW HITPOINT WARNING * * *
Unknown command.
Unknown command.
Okay, then.
As you read the scroll labelled MUREUDW MAIRE, it crumbles to dust.
It is a scroll of identify.
r - 2 potions of curing The ogre closely misses you.
You see here a Young Poisoner's Handbook.
Okay, then.
Okay, then.
Okay, then.
Okay, then.
Casting: Sandblast (safe; 7% risk of failure)
Confirm with . or Enter, or press ? or * to list all spells.
Aiming: Sandblast (safe; 7% risk of failure)
Press: ? - help, Shift-Dir - straight line, f/p - ogre
Aim: an ogre, wielding a +0 giant spiked club (severely wounded, 91% to hit)
You miscast Sandblast.
You are very lightly contaminated with residual magic.
Nothing appears to happen.
The ogre hits you with a +0 giant spiked club!!
Ouch! That really hurt!
You die...

..# .. ##.. ...
... #. ..# #..
#.# #.. #.# #.#
#..# #.# #?#
###... #@# #S!
......###O##l#
...##.....l#)#
.......<..S.#
.#.#.........#
#...#.#.......
#....#####.......
##.=# #######..
### #


You could see an ogre, an iguana and an adder.

Vanquished Creatures
  2 adders (D:3)
  4 ball pythons
  4 endoplasms
  5 giant cockroaches
  3 goblins
  A hobgoblin (D:3)
  2 jackals (D:1)
  7 kobolds
  5 quokkas
  2 bats (D:1)
  6 frilled lizards
  3 rats
44 creatures vanquished.

Notes
Turn   | Place    | Note
-------+----------+-------------------------------------------
     0 | D:1      | runemasterragnar the Gargoyle Earth Elementalist began the
                  | quest for the Orb.
     0 | D:1      | Reached XP level 1. HP: 10/10 MP: 3/3
    80 | D:1      | Reached skill level 1 in Transmutations
   117 | D:1      | Reached XP level 2. HP: 13/15 MP: 5/5
   393 | D:1      | Reached skill level 4 in Earth Magic
   433 | D:1      | Reached XP level 3. HP: 20/20 MP: 6/6
   626 | D:1      | Found a faded altar of an unknown god.
  1093 | D:2      | Found a burning altar of Makhleb.
  1951 | D:3      | Reached skill level 1 in Fighting
  1951 | D:3      | Reached XP level 4. HP: 24/25 MP: 7/7
  2241 | D:4      | Noticed an ogre
  2245 | D:4      | HP: 1/25 [ogre/+0 giant spiked club (13)]
  2250 | D:4      | Demolished by an ogre

Illustrated notes

Levels and vault maps discovered:
D:1:      wheals_arrival_shading, layout_basic,
          shapermc_ecumenical_altar_pompeii
D:2:      layout_basic, basic_altar, nicolae_elevator_lobby_plus
D:3:      layout_basic
D:4:      cheibrodos_old_hovel, layout_cave_pools, minmay_temple_entry_slanted,
          minmay_circle_x

Skill      XL: |  1  2  3 |
---------------+----------+-----
Transmutations | 1 |  1.8
Earth Magic    | 4 |  4.4
Fighting       | 1 |  1.0
Armour         | |  0.5
Dodging        | |  1.8
Stealth        | |  2.5
Spellcasting   | |  2.2

Action                     |  1- 3 |  4- 6 || total
---------------------------+-------+-------++-------
  Melee: Short sword       |    96 |     9 ||   105
   Cast: Sandblast         |     9 |     2 ||    11
    Use: Scroll            |       |     1 ||     1
   Stab: Sleeping          |     2 |       ||     2
 Armour: Robe              |    15 |       ||    15
         Ring mail         |    23 |     2 ||    25
  Dodge: Dodged            |    50 |     4 ||    54

Table legend: (Time is in decaauts)
 A = Elapsed time spent in this place.
 B = Non-inter-level travel time spent in this place.
 C = Inter-level travel time spent in this place.
 D = Time resting spent in this place.
 E = Time spent auto-exploring this place.
 F = Levels seen in this place.
 G = Mean time per level.
                   A        B        C        D        E       F      G
               +--------+--------+--------+--------+--------+-----+--------+
         Total |   2254 |   2119 |    135 |      0 |   1788 |   4 |  563.5 |
       Dungeon |   2254 |   2119 |    135 |      0 |   1788 |   4 |  563.5 |
               +--------+--------+--------+--------+--------+-----+--------+

Top non-repeatable levels by time:
     D:1: 1045 daAuts
     D:2: 617 daAuts
     D:3: 573 daAuts
     D:4: 17 daAuts
